 Dungeon Crawl Stone Soup version 0.22-a0-414-gacd343e (webtiles) character file.

497020 dstrtnsr the Brawler (level 23, -6/258 HPs)
             Began as a Centaur Earth Elementalist on May 12, 2018.
             Was the Champion of Cheibriados.
             Mangled by a reaper
             ... wielding a +2 scythe of flaming
             ... summoned by a greater mummy's death curse
              (10 damage)
             ... on level 1 of the Tomb of the Ancients on May 13, 2018.
             The game lasted 05:00:26 (25965 turns).

dstrtnsr the Brawler (Centaur Earth Elementalist)  Turns: 25965, Time: 05:00:27

Health: -6/258     AC: 36    Str: 26 (27) XL:     23   Next: 69%
Magic:  5/38       EV: 20    Int: 41      God:    Cheibriados [******]
Gold:   1321       SH: 13    Dex: 21 (25) Spells: 1/44 levels left

rFire    x . .     SeeInvis .     - Unarmed
rCold    + . .     Gourm    .   h - +1 shield {rC+}
rNeg     + . .     Faith    .   (armour currently unavailable)
rPois    ∞         Spirit   .   R - +1 helmet {Int+3}
rElec    +         Reflect  .   H - +2 cloak {MR+}
rCorr    .         Harm     .   (gloves currently unavailable)
MR       +++++                  (no barding)
Stlth    ++++......             w - amulet of magic regeneration
HPRegen  0.53/turn              x - ring of Shadows {Umbra +Inv Stlth+}
MPRegen  0.51/turn              K - ring "Olijoog" {rElec rF- MR+++ Int+4 Slay-3}

@: statue-form, wreathed by umbra, very slow
A: large, hooves 3, deformed body, dopey 1, weak 1
}: 3/15 runes: barnacled, silver, gossamer
a: End Transformation, Bend Time, Temporal Distortion, Slouch, Step From Time,
Renounce Religion, Evoke Invisibility


You were on level 1 of the Tomb of the Ancients.
You worshipped Cheibriados.
Cheibriados was exalted by your worship.
You were not hungry.
You were a stone statue.
You visited 10 branches of the dungeon, and saw 44 of its levels.
You also visited: Sewer, Ice Cave and Desolation.

You collected 4468 gold pieces.
You spent 3147 gold pieces at shops.

Inventory:

Hand Weapons
 C - a +0 hand axe of distortion {!w}
Missiles
 j - 2 throwing nets (quivered) {!f}
Armour
 h - a +1 shield of cold resistance (worn)
 o - a +2 large shield of protection
 F - the +5 helmet of Free Will {rF- rC++ Str+4}
   (You acquired it on level 3 of the Crypt)

   It affects your strength (+4).
   It makes you vulnerable to fire.
   It greatly protects you from cold.
 H - a +2 cloak of magic resistance (worn)
 M - a +0 pair of gloves (melded)
 N - the +8 centaur barding of Sloth (melded) {rCorr Str+4}
   (You acquired it on level 2 of the Shoals)

   It affects your strength (+4).
   It protects you from acid and corrosion.
 Q - the +1 ring mail of Pain (melded) {*Contam MR+ Dex+3}
   (You bought it in a shop on level 8 of the Dungeon)

   It affects your dexterity (+3).
   It affects your resistance to hostile enchantments.
   It causes magical contamination when unequipped.
 R - a +1 helmet of intelligence (worn)
Magical Staves
 s - an uncursed staff of energy {!a}
 B - an uncursed staff of wizardry {!a}
Jewellery
 i - an uncursed ring of see invisible
 q - an uncursed ring of fire
 w - an amulet of magic regeneration (around neck)
 x - the ring of Shadows (left hand) {Umbra +Inv Stlth+}
   (You took it off a deep elf knight on level 3 of the Elven Halls)

   [ring of stealth]

   It lets you turn invisible.
   It makes you more stealthy.
 D - the ring "Sumashi" {+Inv +Fly rPois rF- rN++}
   (You bought it in a shop on level 2 of the Orcish Mines)

   [ring of flight]

   It makes you vulnerable to fire.
   It protects you from poison.
   It greatly protects you from negative energy.
   It lets you turn invisible.
   It lets you fly.
 J - the ring "Feotat" {*Corrode rC+++ Str+3 Int+2 Stlth-}
   (You found it on level 4 of the Dungeon)

   [ring of loudness]

   It affects your strength (+3).
   It affects your intelligence (+2).
   It renders you almost immune to cold.
   It may corrode you when you take damage.
   It makes you less stealthy.
 K - the ring "Olijoog" (right hand) {rElec rF- MR+++ Int+4 Slay-3}
   (You took it off an imperial myrmidon in the Desolation of Salt)

   [ring of intelligence]

   It affects your intelligence (+4).
   It affects your accuracy and damage with ranged weapons and melee attacks
   (-3).
   It makes you vulnerable to fire.
   It insulates you from electricity.
   It affects your resistance to hostile enchantments.
 O - the ring "Saizenan" {rF+ MP+9 Slay+3}
   (You took it off a deep elf death mage on level 3 of the Elven Halls)

   [ring of magical power]

   It affects your accuracy and damage with ranged weapons and melee attacks
   (+3).
   It protects you from fire.
   It affects your magic capacity (+9).
Wands
 E - a wand of enslavement (19)
 I - a wand of iceblast (6)
 P - a wand of paralysis (11)
 V - a wand of digging (40)
Scrolls
 b - 4 scrolls of identify {@r1}
 c - 5 scrolls of fog
 d - 13 scrolls of teleportation {!d}
 g - 3 scrolls of amnesia
 k - 7 scrolls of remove curse {@r2!d}
 m - 4 scrolls of fear
 n - 4 scrolls of vulnerability {!r}
 r - 2 scrolls of magic mapping
 t - a scroll of summoning {!r}
 v - 5 scrolls of immolation {!r}
 S - 3 scrolls of blinking
Potions
 f - 5 potions of heal wounds
 u - 7 potions of curing {@q1}
 z - 4 potions of might
 A - 7 potions of brilliance
 G - 6 potions of flight
 L - 6 potions of lignification {!q}
 T - 3 potions of agility
 U - 4 potions of cancellation {!q}
 W - 6 potions of ambrosia {!q}
 X - 9 potions of mutation {!q}
 Z - 2 potions of resistance {!q}
Miscellaneous
 a - a phantom mirror
 l - a lightning rod (4/4) {!a}
 p - 4 boxes of beasts
 y - a lamp of fire (inert)
 Y - a phial of floods
Comestibles
 e - 39 rations {!d}


   Skills:
 - Level 15.0 Fighting
   Level 2.0 Maces & Flails
 - Level 3.5 Armour
 - Level 13.1 Dodging
 - Level 1.1 Stealth
 - Level 6.7 Shields
 - Level 19.0 Unarmed Combat
 - Level 11.0 Spellcasting
 - Level 3.0 Conjurations
 - Level 1.0 Charms
 * Level 13.4 Necromancy
 - Level 2.0 Translocations
 - Level 13.0 Transmutations
 - Level 13.0 Earth Magic
 - Level 10.0 Invocations
 - Level 10.0 Evocations


You had one spell level left.
You knew the following spells:

 Your Spells              Type           Power        Failure   Level  Hunger
b - Borgnjor's Vile Clut  Necr/Erth      #######...   1%          5    None
f - Death Channel         Necr           #######...   1%          6    ###....
i - Infestation           Necr           #######...   54%         8    ######.
l - Blink                 Tloc           N/A          1%          2    None
p - Apportation           Tloc           #####.       1%          1    None
r - Regeneration          Chrm/Necr      ######....   1%          3    None
w - Passwall              Tmut/Erth      #######...   1%          2    None
z - Lee's Rapid Deconstr  Erth           #######...   1%          5    None
I - Irradiate             Conj/Tmut      ######....   2%          5    None
S - Statue Form           Tmut/Erth      #######..    1%          6    ###....

Your spell library contained the following spells:

 Spells                   Type           Power        Failure   Level  Hunger
 Cause Fear               Hex            ###.......   24%         4    None
 Magic Dart               Conj           ####         1%          1    None
 Fireball                 Conj/Fire      ####......   34%         5    None
 Conjure Flame            Conj/Fire      ####....     3%          3    None
 Bolt of Fire             Conj/Fire      ####......   89%         6    ###....
 Lightning Bolt           Conj/Air       ####......   34%         5    None
 Slow                     Hex            ###.....     3%          2    None
 Confuse                  Hex            ###.....     7%          3    None
 Invisibility             Hex            ###.....     98%         6    ###....
 Throw Flame              Conj/Fire      ####..       1%          2    None
 Throw Frost              Conj/Ice       ####..       1%          2    None
 Freezing Cloud           Conj/Ice/Air   ####......   94%         6    ###....
 Mephitic Cloud           Conj/Pois/Air  ####....     4%          3    None
 Ring of Flames           Chrm/Fire      ####......   100%        7    #####..
 Death's Door             Chrm/Necr      ######....   100%        8    ######.
 Summon Small Mammal      Summ           ###.         2%          1    None
 Bolt of Draining         Conj/Necr      ######....   2%          5    None
 Iskenderun's Mystic Bla  Conj           #####...     7%          4    None
 Animate Dead             Necr           N/A          1%          4    None
 Vampiric Draining        Necr           #######...   1%          3    None
 Haunt                    Necr/Summ      ######....   78%         7    #####..
 Borgnjor's Revivificati  Necr           #######...   54%         8    ######.
 Freeze                   Ice            ###.         2%          1    None
 Sticky Flame             Conj/Fire      ####....     13%         4    None
 Summon Ice Beast         Ice/Summ       ###.....     24%         4    None
 Ozocubu's Armour         Chrm/Ice       ####....     6%          3    None
 Call Imp                 Summ           ###.....     3%          2    None
 Sublimation of Blood     Necr           #######...   0%          2    None
 Tukima's Dance           Hex            ###.....     7%          3    None
 Corpse Rot               Necr           N/A          0%          2    None
 Iron Shot                Conj/Erth      ######....   14%         6    ###....
 Stone Arrow              Conj/Erth      ######       1%          3    None
 Shock                    Conj/Air       ####         1%          1    None
 Swiftness                Chrm/Air       ####....     3%          2    None
 Recall                   Summ/Tloc      N/A          4%          3    None
 Spider Form              Tmut/Pois      ######....   1%          3    None
 Blade Hands              Tmut           #######...   1%          5    None
 Ice Form                 Ice/Tmut       ######..     1%          4    None
 Dragon Form              Tmut           #######...   10%         7    #####..
 Necromutation            Tmut/Necr      #######...   56%         8    ######.
 Deflect Missiles         Chrm/Air       ####......   96%         6    ###....
 Throw Icicle             Conj/Ice       ####....     13%         4    None
 Airstrike                Air            ###.......   24%         4    None
 Shadow Creatures         Summ           N/A          98%         6    ###....
 Confusing Touch          Hex            ###...       2%          1    None
 Flame Tongue             Conj/Fire      ####.        1%          1    None
 Ignite Poison            Fire/Tmut/Pois ######..     1%          3    None
 Sticks to Snakes         Tmut           #######.     1%          2    None
 Call Canine Familiar     Summ           ###.....     7%          3    None
 Ensorcelled Hibernation  Hex/Ice        ###...       3%          2    None
 Metabolic Englaciation   Hex/Ice        ###.......   54%         5    None
 Summon Butterflies       Summ           ###.....     2%          1    None
 Silence                  Hex/Air        ###.......   54%         5    None
 Static Discharge         Conj/Air       ####....     3%          3    None
 Corona                   Hex            ###....      2%          1    None
 Alistair's Intoxication  Tmut/Pois      ######..     4%          5    None
 Sandblast                Erth           ######       0%          1    None
 Simulacrum               Ice/Necr       ######....   24%         6    ###....
 Petrify                  Tmut/Erth      #######.     1%          4    None
 Malign Gateway           Summ/Tloc      ####......   100%        7    #####..
 Leda's Liquefaction      Hex/Erth       ######....   1%          4    None
 Darkness                 Hex            ###.......   98%         6    ###....
 Inner Flame              Hex/Fire       ###.....     7%          3    None
 Beastly Appendage        Tmut           ######       0%          1    None
 Fulminant Prism          Conj/Hex       ####......   13%         4    None
 Dazzling Spray           Conj/Hex       ####..       3%          3    None
 Force Lance              Conj/Tloc      #####...     9%          4    None
 Searing Ray              Conj           #####.       1%          2    None
 Discord                  Hex            ###.......   100%        8    ######.
 Summon Lightning Spire   Summ/Air       ###.....     24%         4    None
 Summon Guardian Golem    Hex/Summ       ###.....     7%          3    None
 Summon Mana Viper        Hex/Summ       ###.....     54%         5    None
 Hydra Form               Tmut           #######...   1%          6    ###....
 Gell's Gravitas          Tloc           #####.....   3%          3    None
 Yara's Violent Unravell  Hex/Tmut       ######....   4%          5    None
 Lesser Beckoning         Tloc           #####.....   3%          3    None
 Poisonous Vapours        Pois/Air       ###...       3%          2    None
 Ignition                 Fire           ###.......   100%        8    ######.


Dungeon Overview and Level Annotations

Branches:
Dungeon (15/15)            Temple (1/1) D:7            Lair (6/6) D:10
 Shoals (4/4) Lair:4       Spider (4/4) Lair:3        Slime (0/5) Lair:6
    Orc (2/2) D:9             Elf (3/3) Orc:2        Vaults (5/5) D:13
  Crypt (3/3) Vaults:2       Tomb (1/3) Crypt:3      Depths (0/5) D:15

Altars:
Ashenzari
Cheibriados
Dithmenos
Elyvilon
Fedhas
Gozag
Hepliaklqana
Kikubaaqudgha
Makhleb
Nemelex Xobeh
Okawaru
Qazlal
Ru
Sif Muna
Trog
Uskayaw
Vehumet
Wu Jian
Xom
Yredelemnul
Zin
The Shining One
Beogh

Shops:
D:4 %   D:6 [   D:8 [   D:9 *   Orc:1 *   Orc:2 :[*(   Elf:1 *   Elf:2 =
Vaults:3 (*[

Portals:
Trove: D:13 (give +3 ice dragon scales)

Annotations:
D:2 Sigmund
D:13 trove +3 ice dragon scales
Lair:1 exclusion: downstairs
Shoals:4 Anon1729's ghost, adept FeEE
Elf:2 5 runed doors


Innate Abilities, Weirdness & Mutations

You have hooves in place of feet.
Armour fits poorly on your strangely shaped body.
((You cover ground very quickly.))
((You have extremely tough skin. (AC +3)))
You are dopey. (Int -2)
You are weak. (Str -2)


Message History

Unknown command.
Unknown command.
You feel much better.
The zombie hands constrict the lich!!
The zombie hands constrict the greater mummy!
You destroy the greater mummy!
Cheibriados thoroughly appreciates the change of pace.
You feel extremely nervous for a moment...
Death has come for you...
You feel your strength returning.
Something hits your mature stingox beast but does no damage.
The lich touches you but does no damage.
The greater mummy mumbles some strange words.
The wraith hits your mature stingox beast.
The wraith drains your mature stingox beast's vigour!
Your mature stingox beast seems to slow down.
Your mature stingox beast closely misses the wraith.
Your mature stingox beast stings the wraith.
Your mature stingox beast barely misses the wraith.
Something hits your mature stingox beast but does no damage.
Unknown command.
Unknown command.
Evoke which item? (* to show all) (? for menu, Esc to quit)
Aim the lamp in which direction?
Press: ? - help, Dir - move target cursor, f - stone giant simulacrum, p - mature stingox beast
Aim: a stone giant simulacrum (summoned)
The flames dance!
The trail of fire hits the shadow.
The shadow appears unharmed.
The trail of fire hits the stone giant simulacrum.
The stone giant simulacrum appears unharmed.
The trail of fire hits the vampire.
The vampire is moderately damaged.
The trail of fire hits the wraith.
The wraith is moderately damaged.
The trail of fire hits the greater mummy.
The greater mummy is lightly damaged.
The trail of fire hits the wraith.
The wraith is lightly damaged.
The zombie hands constrict the lich!!
The lich completely misses you.
The greater mummy is engulfed in blazing flames.
The wraith hits your mature stingox beast.
Something hits your mature stingox beast but does no damage.
The shadow is engulfed in blazing flames.
The vampire is engulfed in blazing flames.
The wraith is engulfed in blazing flames.
The reaper misses you.
The lich points at you and mumbles some strange words.
The poison arrow misses you.
The stone giant simulacrum is engulfed in blazing flames.
The greater mummy is engulfed in blazing flames.
Your mature stingox beast hits the wraith.
Your mature stingox beast stings the wraith.
Your mature stingox beast tramples the wraith!
The wraith holds its ground!
Unknown command.
You hit the lich but do no damage. You kick the lich!
The lich is almost destroyed.
The zombie hands constrict the lich!
You destroy the lich!
Cheibriados thoroughly appreciates the change of pace.
The wraith disappears in a puff of smoke!
The wraith is engulfed in blazing flames.
The vampire is engulfed in blazing flames.
The vampire hits you.
* * * LOW HITPOINT WARNING * * *
The vampire closely misses you.
The shadow is engulfed in blazing flames.
The wraith is engulfed in blazing flames.
You destroy the wraith!
The stone giant simulacrum is engulfed in blazing flames.
The reaper hits you but does no damage.
Damage: -1%(-3hp) hp: 19%(47hp) Unknown command.
Unknown command.
Casting: Borgnjor's Vile Clutch (safe; 1% risk of failure)
Confirm with . or Enter, or press ? or * to list all spells.
Aiming: Borgnjor's Vile Clutch (safe; 1% risk of failure)
Press: ? - help, Dir - move target cursor, p - stone giant simulacrum Decaying hands burst forth from the earth!
Zombie hands grab the vampire.
The wraith is unaffected.
Zombie hands grab the greater mummy.
The shadow is unaffected.
The zombie hands constrict the greater mummy, but do no damage.
The zombie hands constrict the vampire!
You destroy the vampire!
The greater mummy is engulfed in blazing flames.
The greater mummy gestures wildly while chanting.
The wraith is engulfed in blazing flames.
The shadow is engulfed in blazing flames.
You destroy the shadow!
The greater mummy is engulfed in blazing flames.
The greater mummy points at you and mumbles some strange words.
Something smites you!
* * * LOW HITPOINT WARNING * * *
The stone giant simulacrum is engulfed in blazing flames.
The stone giant simulacrum vapourises!
The reaper hits you from afar with a scythe of flaming!!
* * * LOW HITPOINT WARNING * * *
The reaper burns you!
You die...

#.........####......
##......### #......
#...##...# #......
#...##...# #......
##......## #......
#........# #......
#2.#..#..# #......
#§'######## #......
#.H8§W§§§§. #......
#§§4.M§4§.. #......
##########. #......
#...... #......
#...... #......
#...... #......


You could see a greater mummy, a reaper, an orange demon, a chaos spawn, a
wraith and a friendly mature stingox beast.

Vanquished Creatures
  Mennas (Crypt:2)
  2 ancient liches
  7 greater mummies (Tomb:1)
  Margery (Vaults:5)
  Saint Roka (Orc:2)
  Frederick (Crypt:2)
  Jorgrun (Vaults:5)
  3 tentacled monstrosities (Vaults:5)
  3 liches
  7 sphinxes
  2 deep elf blademasters (Elf:3)
  2 deep elf master archers (Elf:3)
  An ancient champion (Crypt:1)
  6 titans (Vaults:5)
  A shadow dragon (Vaults:5)
  Kirke (Shoals:1)
  2 revenants
  3 tengu reavers
  Donald (Spider:4)
  4 frost giants
  An orc warlord (Vaults:5)
  Ilsuiw (Shoals:4)
  2 ghost moths (Spider:4)
  9 deep elf sorcerers (Elf:3)
  Louise (D:15)
  2 imperial myrmidons (Desolation)
  4 fire giants (Vaults:5)
  16 vault wardens
  3 ghouls (Crypt:1)
  3 emperor scorpions
  A caustic shrike skeleton (Crypt:2)
  3 reapers (Crypt:3)
  11 ironheart preservers
  12 very ugly things
  2 deep elf elementalists (Elf:3)
  8 stone giants
  6 entropy weavers
  4 vampire knights
  2 bennus (Tomb:1)
  3 deep elf demonologists
  A halazid warlock (Desolation)
  3 spark wasps
  8 deep elf annihilators
  The ghost of tstbtto the Cleaver, a journeyman DrFi of Cheibriados (Lair:2)
  Snorg (D:10)
  3 ettins
  10 eidola
  A quicksilver dragon zombie (Crypt:3)
  A mummy priest (Crypt:3)
  11 deep elf death magi
  6 merfolk javelineers (Shoals:4)
  A fire dragon (Vaults:4)
  3 crystal guardians
  4 deep elf high priests (Elf:3)
  2 merfolk impalers (Shoals:3)
  4 servants of whispers (Desolation)
  6 ragged hierophants (Desolation)
  7 yaktaur captains
  11 peacekeepers
  4 rakshasas
  Harold (Orc:1)
  28 vault guards
  3 great orbs of eyes
  3 ice dragons
  15 hydras
  3 catoblepae
  2 merfolk aquamancers (Shoals:4)
  32 two-headed ogres
  5 centaur warriors
  3 satyrs (Shoals:4)
  3 merfolk avatars (Shoals:4)
  The ghost of pyroka the Cleaver, a novice HOMo of Beogh (D:9)
  17 dancing weapons
  3 death knights
  8 ogre magi
  11 death yaks (Lair:6)
  4 death scarabs (Tomb:1)
  A vampire mage (Crypt:1)
  2 deep troll shamans
  Urug (Orc:2)
  A deep troll earth mage (Vaults:3)
  2 titan zombies (Crypt:3)
  A storm dragon zombie (Crypt:3)
  An orc high priest (Orc:2)
  11 deep elf knights
  7 soul eaters (Crypt:3)
  A skeletal warrior (D:15)
  A titan skeleton (Crypt:3)
  5 hell knights (Vaults:5)
  2 shadow wraiths
  A fire crab (Lair:5)
  A sea snake (shapeshifter) (Elf:3)
  3 storm dragon skeletons
  2 golden dragon zombies (Crypt:3)
  A swamp dragon (shapeshifter) (Elf:2)
  An iron giant zombie (Crypt:1)
  6 deep trolls
  2 glowing orange brains (Vaults:4)
  8 sea snakes
  2 unseen horrors
  7 deep elf archers
  Pikel (D:6)
  2 flayed ghosts
  A shadow dragon zombie (Crypt:3)
  An anaconda skeleton (Crypt:3)
  15 necromancers
  6 phantasmal warriors
  48 deep elf magi
  2 wizards
  17 ironbrand convokers
  12 orc knights
  2 wolf spider zombies (Crypt:3)
  An orb spider (shapeshifter) (Vaults:3)
  10 orc sorcerers
  3 harpies
  A stone giant zombie (Crypt:3)
  12 fauns
  18 wolf spiders
  14 orb spiders
  A fire giant zombie (Crypt:3)
  A mana viper (shapeshifter) (D:14)
  29 ugly things
  3 frost giant zombies
  25 slime creatures
  An iron dragon zombie (Crypt:3)
  3 cyclopes
  9 manticores
  A fire giant skeleton (Crypt:3)
  4 merfolk sirens
  A frost giant skeleton (Crypt:3)
  A moth of wrath (Spider:4)
  2 ice statues (IceCv)
  3 water nymphs (Shoals:4)
  7 elephants
  A centaur zombie (D:11)
  2 black mambas
  11 vault sentinels
  Maurice (D:9)
  2 torpor snails
  3 guardian serpents (Desolation)
  A gargoyle (D:13)
  2 centaur skeletons
  8 spiny frogs
  2 kobold demonologists (D:14)
  6 komodo dragons
  A shock serpent skeleton (Crypt:3)
  12 freezing wraiths
  2 demonic crawlers
  6 guardian mummies
  5 rime drakes
  27 yaktaurs
  2 dire elephant skeletons (Crypt:3)
  2 efreet
  5 trolls
  13 hellwings (Crypt:3)
  An alligator snapping turtle skeleton (Crypt:2)
  A queen bee (shapeshifter) (D:13)
  14 merfolk
  2 tengu conjurers (D:15)
  A hydra skeleton (Crypt:3)
  21 jumping spiders
  8 hornets
  3 wind drakes
  19 polar bears
  A harpy skeleton (D:14)
  47 saltlings (Desolation)
  5 snapping turtles
  A fire dragon zombie (Crypt:3)
  A dream sheep (shapeshifter) (Elf:1)
  9 blink frogs (Lair:5)
  7 hippogriffs
  An ettin zombie (Vaults:3)
  An alligator skeleton (Tomb:1)
  A meliai zombie (D:14)
  2 air elementals
  22 tarantellas
  57 redbacks
  9 flying skulls
  12 water elementals
  3 basilisks
  3 shadows
  13 wraiths
  2 ettin skeletons (Crypt:3)
  4 wyverns
  35 yaks
  3 ushabtiu
  A human (shapeshifter) (Vaults:3)
  A hog (Shoals:1)
  The ghost of dstrtnsr the Insei, an amateur MfWn (D:5)
  3 steam dragons (Shoals:2)
  A fire elemental (Elf:1)
  A steam dragon (shapeshifter) (Vaults:5)
  2 hungry ghosts (D:14)
  Menkaure (D:6)
  6 wargs
  3 acid dragons
  A soldier ant (shapeshifter) (Vaults:3)
  A swamp worm (shapeshifter) (Vaults:3)
  12 water moccasins
  4 porcupines
  3 sky beasts
  A black bear (D:11)
  37 orc warriors
  4 phantoms
  6 ice beasts
  A necrophage (D:10)
  An eye of draining (D:10)
  20 ogres
  2 hornet zombies
  2 snapping turtle zombies (Crypt:3)
  3 boggarts (Vaults:1)
  17 wolves
  A large abomination (Elf:1)
  15 centaurs
  10 crocodiles
  An elf skeleton (Vaults:3)
  A swamp dragon skeleton (Crypt:3)
  3 big kobolds
  3 elf zombies (Elf:1)
  16 bullfrogs
  2 earth elementals (Elf:3)
  3 gnoll sergeants
  6 wyvern skeletons
  A scorpion (shapeshifter) (Vaults:5)
  12 scorpions
  A shapeshifter zombie (Crypt:2)
  2 human simulacra
  30 killer bees
  3 wights (D:7)
  9 electric eels
  2 crimson imps (D:5)
  A bullfrog zombie (D:11)
  5 jellies
  A quasit (D:14)
  8 hounds
  22 orc priests
  30 orc wizards
  A bullfrog skeleton (D:6)
  Ijyb (D:3)
  Natasha (thrice) (D:2)
  8 iguanas
  11 worker ants
  An ogre zombie (Crypt:3)
  A hound zombie (D:8)
  5 mummies
  3 worker ant zombies
  12 gnolls
  7 adders
  3 shadow imps
  2 white imps (Vaults:1)
  An ooze (D:3)
  2 adder skeletons
  An adder zombie (D:7)
  A halfling skeleton (Crypt:2)
  A lava snake skeleton (Crypt:1)
  2 worms (D:3)
  7 leopard geckos
  102 orcs
  7 giant cockroaches
  9 goblins
  8 hobgoblins
  16 jackals
  25 kobolds
  6 quokkas
  5 ball pythons
  A ball python skeleton (Crypt:2)
  13 bats
  3 frilled lizards
  A quokka skeleton (D:8)
  A quokka zombie (D:8)
  7 rats
  A crawling corpse (Elf:3)
  3 fungi
  8 plants
  3 withered plants (Crypt:3)
1739 creatures vanquished.

Vanquished Creatures (collateral kills)
  An ancient lich (Vaults:5)
  A golden dragon (Vaults:5)
  A titan (Vaults:5)
  A sphinx (Vaults:5)
  An ancient champion (Crypt:2)
  A tengu reaver (Vaults:5)
  2 shadow dragons (Vaults:5)
  3 vault wardens (Vaults:5)
  A fire giant (Vaults:5)
  2 iron dragons (Vaults:5)
  A deep elf elementalist (Vaults:5)
  4 ghouls
  An ironheart preserver (Vaults:5)
  A war gargoyle (Vaults:5)
  2 stone giants (Vaults:5)
  An entropy weaver (Vaults:5)
  A very ugly thing (Vaults:5)
  A vampire knight (Vaults:2)
  2 deep elf demonologists (Vaults:5)
  A deep elf death mage (Vaults:5)
  A ragged hierophant (Desolation)
  A deep elf high priest (Elf:3)
  2 yaktaur captains (Vaults:5)
  14 vault guards (Vaults:5)
  An ogre mage (Vaults:5)
  A two-headed ogre (Vaults:5)
  3 deep trolls (Vaults:5)
  A shadow wraith (Vaults:5)
  A deep elf archer (Elf:1)
  A phantasmal warrior (Vaults:5)
  2 harpies
  2 ironbrand convokers (Vaults:5)
  An orc sorcerer (Vaults:5)
  A deep elf mage (Vaults:5)
  An ugly thing (Vaults:2)
  A cyclops (Orc:1)
  2 vault sentinels (Vaults:5)
  A centaur zombie (D:14)
  3 yaktaurs (Vaults:5)
  2 freezing wraiths
  A hornet (D:7)
  7 blink frogs (Lair:5)
  A hippogriff (shapeshifter) (Vaults:5)
  2 redbacks (Vaults:5)
  2 yaks
  A wraith (Vaults:2)
  A warg (Vaults:5)
  A water moccasin (Lair:3)
  An orc warrior (Vaults:5)
  A necrophage (Crypt:2)
  A wight (D:7)
  An orc priest (Vaults:5)
  2 orc wizards (Vaults:5)
  A bullfrog skeleton (D:5)
  A river rat (D:5)
  5 orcs
  A crawling corpse (Elf:3)
101 creatures vanquished.

Vanquished Creatures (others)
  2 sphinxes (Tomb:1)
  A merfolk javelineer (Shoals:4)
  A wizard (D:3)
  3 deep elf magi
  4 fauns
  A merfolk (Shoals:4)
  A redback (Spider:4)
  A yak (Lair:5)
  4 humans (Shoals:1)
  An elf zombie (Elf:1)
  2 orc priests
  8 fungi
  45 plants
  4 withered plants (Crypt:3)
78 creatures vanquished.

Grand Total: 1918 creatures vanquished

Notes
Turn   | Place    | Note
-------+----------+-------------------------------------------
     0 | D:1      | dstrtnsr the Centaur Earth Elementalist began the quest for the Orb.
     0 | D:1      | Reached XP level 1. HP: 14/14 MP: 3/3
   117 | D:1      | Reached XP level 2. HP: 16/20 MP: 0/4
   131 | D:1      | Learned a level 2 spell: Passwall
   173 | D:1      | Reached skill level 1 in Transmutations
   293 | D:1      | Reached XP level 3. HP: 13/26 MP: 5/5
   525 | D:2      | Learned a level 3 spell: Stone Arrow
   530 | D:2      | Noticed Natasha
   538 | D:2      | Killed Natasha
   538 | D:2      | Reached skill level 1 in Maces & Flails
   545 | D:2      | Noticed Natasha
   549 | D:2      | Killed Natasha
   549 | D:2      | Reached XP level 4. HP: 20/33 MP: 3/7
   626 | D:2      | Noticed Sigmund
   626 | D:2      | Noticed Natasha
   633 | D:2      | Killed Natasha
   859 | D:3      | Noticed Ijyb
   901 | D:3      | Killed Ijyb
   901 | D:3      | Reached XP level 5. HP: 18/38 MP: 6/8
  1091 | D:3      | HP: 15/38 [poisoned by a scorpion]
  1096 | D:3      | HP: 12/38 [poisoned by a scorpion]
  1102 | D:3      | HP: 10/38 [poisoned by a scorpion]
  1108 | D:3      | HP: 8/38 [poisoned by a scorpion]
  1115 | D:3      | HP: 7/38 [poisoned by a scorpion]
  1120 | D:3      | HP: 6/38 [poisoned by a scorpion]
  1126 | D:3      | HP: 6/38 [poisoned by a scorpion]
  1132 | D:3      | HP: 5/38 [poisoned by a scorpion]
  1198 | D:3      | HP: 9/38 [ball python (2)]
  1214 | D:3      | HP: 8/38 [orc/short sword (3)]
  1324 | D:3      | Found a bloodstained altar of Trog.
  1326 | D:3      | Noticed a wizard
  1334 | D:3      | Killed a wizard
  1358 | D:3      | Noticed an ice beast
  1488 | D:3      | Killed an ice beast
  1488 | D:3      | Reached skill level 5 in Earth Magic
  1488 | D:3      | Reached XP level 6. HP: 38/45 MP: 1/10
  1797 | D:4      | Found Esackidu's Food Boutique.
  1828 | D:4      | HP: 10/45 [iguana (9)]
  1978 | D:5      | Entered Level 5 of the Dungeon
  2045 | D:5      | Reached XP level 7. HP: 35/50 MP: 12/12
  2102 | D:5      | Found an opulent altar of Gozag.
  2122 | D:5      | Found a blossoming altar of Fedhas.
  2123 | D:5      | Found a sacrificial altar of Ru.
  2124 | D:5      | Found a deep blue altar of Sif Muna.
  2124 | D:5      | Found an iron altar of Okawaru.
  2285 | D:5      | HP: 20/50 [leopard gecko (3)]
  2319 | D:5      | Learned a level 2 spell: Sticks to Snakes
  2338 | D:5      | Found a glowing drain.
  2342 | Sewer    | Entered a sewer
  2791 | D:5      | Noticed dstrtnsr's ghost (amateur MfWn)
  2843 | D:5      | Killed dstrtnsr's ghost
  2843 | D:5      | Reached XP level 8. HP: 57/57 MP: 3/14
  2908 | D:5      | Learned a level 5 spell: Lee's Rapid Deconstruction
  2972 | D:6      | Found an opulent altar of Gozag.
  3175 | D:4      | Found a glowing golden altar of the Shining One.
  3175 | D:4      | Found a shattered altar of Ashenzari.
  3221 | D:4      | Got a steaming ivory ring
  3223 | D:4      | Identified the ring "Feotat" {*Corrode rC+++ Str+3 Int+2 Stlth-} (You found it on level 4 of the Dungeon)
  3779 | D:6      | Noticed Menkaure
  3813 | D:6      | HP: 20/57 [orc warrior/long sword of holy wrath (10)]
  3884 | D:6      | Noticed Pikel
  3976 | D:6      | Found Cemyanism's Antique Armour Shop.
  3980 | D:6      | Bought an ancient robe for 119 gold pieces
  3990 | D:6      | Identified the cursed +0 robe of Omission {-Tele rF+++ Regen+ rCorr} (You bought it in a shop on level 6 of the Dungeon)
  4196 | D:6      | Killed Pikel
  4196 | D:6      | Reached skill level 5 in Spellcasting
  4196 | D:6      | Reached XP level 9. HP: 62/62 MP: 6/17
  4222 | D:6      | Killed Menkaure
  4548 | D:7      | Learned a level 5 spell: Blade Hands
  4706 | D:7      | Paralysed by a hornet for 3 turns
  4717 | D:7      | HP: 20/62 [hornet (10)]
  4718 | D:7      | HP: 9/62 [hornet (12)]
  4774 | D:7      | Found a staircase to the Ecumenical Temple.
  4783 | Temple   | Entered the Ecumenical Temple
  4849 | Temple   | Became a worshipper of Cheibriados the Contemplative
  4931 | D:7      | Reached skill level 1 in Fighting
  4993 | D:7      | HP: 22/68 [wight/halberd of freezing (16)]
  5291 | D:8      | Found Ozxaaqor's Antique Armour Shop.
  5294 | D:8      | Reached XP level 10. HP: 77/77 MP: 13/19
  5373 | D:8      | Reached skill level 1 in Shields
  5544 | D:8      | HP: 30/77 [orc priest/enchanted dagger (5)]
  5585 | D:8      | Bought an ancient ring mail for 243 gold pieces
  5596 | D:8      | Identified the cursed +1 ring mail of Pain {*Contam MR+ Dex+3} (You bought it in a shop on level 8 of the Dungeon)
  5748 | D:8      | Reached * piety under Cheibriados
  5864 | D:9      | Noticed pyroka's ghost (novice HOMo)
  5864 | D:9      | Reached skill level 5 in Fighting
  5962 | D:10     | Entered Level 10 of the Dungeon
  5981 | D:10     | Noticed a cyclops
  5984 | D:10     | Killed a cyclops
  5984 | D:10     | Reached skill level 5 in Transmutations
  6274 | D:10     | Found a staircase to the Lair.
  6290 | D:10     | Reached ** piety under Cheibriados
  6383 | D:10     | Noticed Snorg
  6388 | D:10     | Killed Snorg
  6388 | D:10     | Reached skill level 1 in Armour
  6388 | D:10     | Reached skill level 10 in Earth Magic
  6388 | D:10     | Reached XP level 11. HP: 86/86 MP: 9/20
  6592 | D:11     | Noticed a green ugly thing
  6614 | D:11     | Killed a green ugly thing
  6637 | D:11     | Learned a level 4 spell: Petrify
  6752 | D:11     | Reached skill level 1 in Evocations
  6763 | D:11     | Killed an unseen horror
  6848 | D:11     | Reached *** piety under Cheibriados
  7150 | Lair:1   | Entered Level 1 of the Lair of Beasts
  7630 | Lair:2   | Noticed tstbtto's ghost (journeyman DrFi)
  7631 | Lair:2   | Noticed a five-headed hydra
  7674 | Lair:1   | Upgraded the game from 0.22-a0-412-g2b68d14 to 0.22-a0-414-gacd343e
  7759 | Lair:2   | Reached **** piety under Cheibriados
  7777 | Lair:2   | HP: 34/86 [poisoned by a water moccasin]
  7947 | Lair:2   | Killed tstbtto's ghost
  8085 | Lair:2   | Reached XP level 12. HP: 49/94 MP: 14/22
  8089 | Lair:2   | HP: 30/94 [elephant (11)]
  8192 | Lair:3   | Reached skill level 5 in Evocations
  8194 | Lair:3   | Reached skill level 1 in Unarmed Combat
  8276 | Lair:2   | Killed a five-headed hydra
  8276 | Lair:2   | Reached skill level 2 in Unarmed Combat
  8442 | Lair:3   | Reached skill level 3 in Unarmed Combat
  8452 | Lair:3   | Noticed a catoblepas
  8458 | Lair:3   | HP: 24/94 [catoblepas (27)]
  8465 | Lair:3   | Killed a catoblepas
  8465 | Lair:3   | Reached ***** piety under Cheibriados
  8465 | Lair:3   | Reached skill level 4 in Unarmed Combat
  8486 | Lair:3   | HP: 25/94 [water moccasin (7)]
  8644 | Lair:3   | Noticed an eight-headed hydra
  8672 | Lair:3   | Killed an eight-headed hydra
  8672 | Lair:3   | Reached skill level 5 in Unarmed Combat
  8686 | Lair:3   | Reached skill level 6 in Unarmed Combat
  8706 | Lair:3   | Found a hole to the Spider Nest.
  8861 | Lair:4   | Got a scorched mace {!w}
  8921 | Lair:4   | Noticed a five-headed hydra
  8927 | Lair:4   | Killed a five-headed hydra
  9007 | Lair:4   | Reached skill level 7 in Unarmed Combat
  9074 | Lair:4   | Found a staircase to the Shoals.
  9140 | Lair:4   | Noticed a five-headed hydra
  9142 | Lair:4   | Killed a five-headed hydra
  9143 | Lair:4   | Noticed an eight-headed hydra
  9147 | Lair:4   | Killed an eight-headed hydra
  9147 | Lair:4   | Reached skill level 8 in Unarmed Combat
  9213 | Lair:5   | HP: 31/94 [yak[a torpor snail] (11)]
  9214 | Lair:5   | HP: 10/94 [fire crab (8)]
  9214 | Lair:5   | HP: 2/94 [fire crab (8)]
  9227 | Lair:5   | Reached skill level 9 in Unarmed Combat
  9233 | Lair:5   | HP: 31/94 [blink frog (3)]
  9245 | Lair:5   | Identified the +7 mace "Arghiehy" {venom, rF+, !w} (You found it on level 4 of the Lair of Beasts)
  9316 | Lair:5   | Noticed an eight-headed hydra
  9327 | Lair:5   | HP: 32/94 [blink frog (10)]
  9334 | Lair:5   | Reached XP level 13. HP: 35/100 MP: 23/23
  9339 | Lair:5   | HP: 36/100 [spiny frog (1)]
  9344 | Lair:5   | HP: 22/100 [poisoned by a spiny frog]
  9350 | Lair:5   | HP: 20/100 [poisoned by a spiny frog]
  9355 | Lair:5   | HP: 19/100 [poisoned by a spiny frog]
  9361 | Lair:5   | HP: 20/100 [poisoned by a spiny frog]
  9368 | Lair:5   | HP: 21/100 [poisoned by a spiny frog]
  9381 | Lair:5   | Reached skill level 1 in Invocations
  9537 | Lair:5   | Got a warped helmet
  9548 | Lair:5   | Identified the cursed -2 helmet of Alamp {Str+4 Dex-2} (You found it on level 5 of the Lair of Beasts)
  9750 | Lair:6   | Entered Level 6 of the Lair of Beasts
  9803 | Lair:6   | Reached skill level 10 in Unarmed Combat
 10056 | Lair:6   | HP: 40/102 [spiny frog (9)]
 10057 | Lair:6   | Reached ****** piety under Cheibriados
 10138 | Lair:6   | HP: 38/102 [eight-headed hydra (6)]
 10201 | Lair:5   | Reached skill level 5 in Dodging
 10284 | Lair:6   | HP: 51/154 [death yak (12)]
 10290 | Lair:6   | HP: 35/154 [death yak (15)]
 10295 | Lair:6   | Reached skill level 11 in Unarmed Combat
 10334 | Lair:6   | HP: 38/104 [six-headed hydra (1)]
 10430 | Lair:6   | Found a staircase to the Slime Pits.
 10685 | Lair:6   | Reached skill level 5 in Invocations
 10711 | Lair:6   | Reached XP level 14. HP: 55/113 MP: 24/24
 10713 | Lair:6   | HP: 32/113 [death yak (23)]
 10772 | Lair:6   | HP: 44/113 [elephant (14)]
 10972 | Lair:6   | Got a vibrating bone ring
 10974 | Lair:6   | Identified the ring "Ugof" {-Tele rC+ Str-3 Int+4 Stlth+} (You found it on level 6 of the Lair of Beasts)
 11532 | D:12     | Reached skill level 12 in Unarmed Combat
 11813 | D:12     | Paralysed by a hornet for 2 turns
 11919 | D:13     | Found a portal to a secret trove of treasure.
 12242 | D:13     | Found a gate to the Vaults.
 12302 | D:14     | Found a frozen archway.
 12319 | IceCv    | Entered an ice cave
 12428 | IceCv    | HP: 47/118 [polar bear (24)]
 12436 | IceCv    | HP: 40/118 [wolf (10)]
 12503 | IceCv    | Noticed a frost giant
 12530 | IceCv    | Killed a frost giant
 12912 | D:14     | Reached XP level 15. HP: 103/126 MP: 25/25
 12955 | D:14     | HP: 45/126 [centaur/arrow[a centaur warrior] (10)]
 12964 | D:14     | HP: 41/126 [orc/flail (3)]
 12991 | D:14     | HP: 39/126 [centaur/arrow[a centaur warrior] (2)]
 12997 | D:15     | Entered Level 15 of the Dungeon
 13002 | D:15     | Noticed Louise
 13083 | D:15     | Killed Louise
 13198 | D:15     | Found a hide-covered altar of Uskayaw.
 13352 | D:15     | Reached skill level 10 in Fighting
 13386 | D:15     | Noticed a frost giant
 13395 | D:15     | Killed a frost giant
 13404 | D:15     | Found a staircase to the Depths.
 13543 | D:15     | HP: 20/126 [cyclops/large rock (34)]
 13848 | D:9      | Found a staircase to the Orcish Mines.
 13871 | Orc:1    | Entered Level 1 of the Orcish Mines
 13960 | Orc:1    | Found Emmypium's Assorted Antiques.
 13996 | Orc:1    | Found a roughly hewn altar of Beogh.
 14078 | Orc:2    | Entered Level 2 of the Orcish Mines
 14202 | Orc:1    | Noticed Harold
 14215 | Orc:1    | Killed Harold
 14257 | Orc:1    | Reached skill level 10 in Invocations
 14526 | Orc:2    | Found a staircase to the Elven Halls.
 14576 | Orc:2    | Noticed Urug
 14583 | Orc:2    | HP: 49/126 [Urug/demon trident of pain (24)]
 14589 | Orc:2    | Killed Urug
 14676 | Orc:2    | Noticed Saint Roka
 14810 | Orc:2    | Killed Saint Roka
 14810 | Orc:2    | Reached skill level 5 in Shields
 14827 | Orc:2    | Found a roughly hewn altar of Beogh.
 14830 | Orc:2    | Found Zuilyets's Book Boutique.
 14852 | Orc:2    | Found Wisual's Antique Weapon Boutique.
 14880 | Orc:2    | Found Caulejem's Antique Armour Boutique.
 14912 | Orc:2    | Found Figas's General Store.
 14920 | Orc:2    | Bought a potion of resistance for 130 gold pieces
 14920 | Orc:2    | Bought a scroll of summoning for 123 gold pieces
 14920 | Orc:2    | Bought the ring "Sumashi" {+Inv +Fly rPois rF- rN++} for 509 gold pieces
 14920 | Orc:2    | Bought 3 scrolls of amnesia for 136 gold pieces
 14944 | Elf:1    | Entered Level 1 of the Elven Halls
 14957 | Orc:2    | HP: 50/126 [poisoned by a trident of venom]
 14958 | Orc:2    | HP: 17/126 [dire flail of protection (23)]
 14963 | Orc:2    | HP: 13/126 [poisoned by a trident of venom]
 14968 | Orc:2    | HP: 10/126 [poisoned by a trident of venom]
 14973 | Orc:2    | HP: 9/126 [poisoned by a trident of venom]
 14980 | Orc:2    | HP: 10/126 [poisoned by a trident of venom]
 14987 | Orc:2    | HP: 11/126 [poisoned by a trident of venom]
 14995 | Orc:2    | HP: 13/126 [poisoned by a trident of venom]
 15077 | Elf:1    | HP: 45/126 [trident of venom (6)]
 15082 | Elf:1    | HP: 40/126 [poisoned by a trident of venom]
 15087 | Elf:1    | HP: 36/126 [poisoned by a trident of venom]
 15093 | Orc:2    | HP: 33/126 [poisoned by a trident of venom]
 15098 | Orc:2    | HP: 30/126 [poisoned by a trident of venom]
 15104 | Orc:2    | HP: 29/126 [poisoned by a trident of venom]
 15111 | Orc:2    | HP: 30/126 [poisoned by a trident of venom]
 15119 | Orc:2    | HP: 32/126 [poisoned by a trident of venom]
 15168 | Elf:1    | Reached skill level 13 in Unarmed Combat
 15168 | Elf:1    | HP: 28/126 [deep elf mage/bolt of lightning (26)]
 15269 | D:9      | Killed pyroka's ghost
 15319 | D:9      | Found Unetre's Assorted Antiques.
 15320 | D:9      | Noticed Maurice
 15331 | D:9      | Killed Maurice
 15499 | Elf:1    | Reached XP level 16. HP: 103/134 MP: 15/26
 15595 | Elf:1    | Reached skill level 10 in Dodging
 15900 | Elf:1    | Identified the Handbook of Necromancy
 15906 | Elf:1    | Learned a level 3 spell: Regeneration
 15932 | Elf:1    | Found Voipruqyg's Assorted Antiques.
 16045 | Elf:2    | Reached skill level 1 in Charms
 16045 | Elf:2    | Reached skill level 1 in Necromancy
 16076 | Elf:2    | HP: 36/134 [antimagic battleaxe (21)]
 16266 | Elf:2    | Found Yneryr's Jewellery Boutique.
 16550 | Elf:2    | Found a huge runed gate.
 16550 | Elf:2    | Found a huge runed gate.
 16550 | Elf:2    | Found a huge runed gate.
 16550 | Elf:2    | Found a huge runed gate.
 16550 | Elf:2    | Found a huge runed gate.
 16553 | Elf:2    | Reached skill level 5 in Necromancy
 16633 | Orc:2    | Bought a book of Dreams for 975 gold pieces
 16639 | Orc:2    | Learned a level 5 spell: Borgnjor's Vile Clutch
 16689 | Elf:3    | Entered Level 3 of the Elven Halls
 16727 | Elf:3    | Got a polished chain mail
 16743 | Elf:3    | Identified the +6 chain mail of the Guild-Master {*Corrode rElec rF+ Regen+} (You found it on level 3 of the Elven Halls)
 16752 | Elf:3    | Gained mutation: You are dopey. (Int -2) [mutagenic glow]
 17107 | Elf:3    | Learned a level 6 spell: Statue Form
 17124 | Elf:3    | Noticed a deep elf master archer
 17134 | Elf:3    | Killed a deep elf master archer
 17214 | Elf:3    | Found a sparkling altar of Nemelex Xobeh.
 17231 | Elf:3    | Noticed a deep elf master archer
 17238 | Elf:3    | Gained mutation: You are weak. (Str -2) [mutagenic glow]
 17241 | Elf:3    | HP: 42/134 [deep elf master archer/arrow (36)]
 17242 | Elf:3    | Killed a deep elf master archer
 17368 | Elf:3    | Identified the amulet of Beogh's Delight {Harm *Drain +Inv rElec rC- Dex+2} (You took it off a deep elf elementalist on level 3 of the Elven Halls)
 17374 | Elf:3    | Noticed a deep elf blademaster
 17381 | Elf:3    | Killed a deep elf blademaster
 17507 | Elf:3    | Reached XP level 17. HP: 139/140 MP: 4/27
 17581 | Elf:3    | Reached skill level 10 in Transmutations
 17811 | Elf:3    | Noticed a deep elf blademaster
 17825 | Elf:3    | Killed a deep elf blademaster
 17912 | Elf:3    | Got an ichor-stained helmet
 17935 | Elf:3    | Identified the +1 helmet of Spring Thaw {Str+3} (You found it on level 3 of the Elven Halls)
 18048 | Elf:3    | Got a translucent bone ring
 18050 | Elf:3    | Identified the ring "Saizenan" {rF+ MP+9 Slay+3} (You took it off a deep elf death mage on level 3 of the Elven Halls)
 18154 | Elf:1    | Bought a potion of cancellation for 288 gold pieces
 18154 | Elf:1    | Bought a scroll of teleportation for 108 gold pieces
 18237 | D:9      | Bought 2 potions of heal wounds for 250 gold pieces
 18360 | Spider:1 | Entered Level 1 of the Spider Nest
 18812 | Spider:4 | Entered Level 4 of the Spider Nest
 18829 | Spider:4 | Noticed Donald
 18845 | Spider:4 | Killed Donald
 19065 | Spider:4 | Reached XP level 18. HP: 147/147 MP: 2/30
 19222 | Spider:4 | HP: 65/191 [emperor scorpion (19)]
 19227 | Spider:4 | HP: 48/191 [emperor scorpion (3)]
 19234 | Spider:4 | HP: 44/191 [emperor scorpion (4)]
 19242 | Spider:4 | HP: 28/191 [emperor scorpion (8)]
 19384 | Spider:4 | Got a gossamer rune of Zot
 19696 | Shoals:1 | Entered Level 1 of the Shoals
 19696 | Shoals:1 | Noticed Kirke
 19709 | Shoals:1 | Killed Kirke
 19744 | Shoals:1 | Learned a level 6 spell: Death Channel
 19831 | Shoals:2 | Identified a scroll of acquirement
 19872 | Shoals:2 | Got a bloodstained centaur barding
 19884 | Shoals:2 | Identified the +8 centaur barding of Sloth {rCorr Str+4} (You acquired it on level 2 of the Shoals)
 20242 | Shoals:4 | Entered Level 4 of the Shoals
 20331 | Shoals:4 | Noticed Ilsuiw
 20349 | Shoals:4 | Killed Ilsuiw
 20526 | Shoals:4 | Noticed Anon1729's ghost (adept FeEE)
 20573 | Shoals:4 | Got a barnacled rune of Zot
 20899 | D:14     | Learned a level 1 spell: Apportation
 20998 | Vaults:1 | Entered Level 1 of the Vaults
 21006 | Vaults:1 | Reached skill level 1 in Translocations
 21047 | Vaults:1 | Reached XP level 19. HP: 154/154 MP: 32/32
 21050 | Vaults:1 | Reached skill level 10 in Necromancy
 21178 | Vaults:1 | Reached skill level 10 in Spellcasting
 21804 | Vaults:4 | Reached skill level 14 in Unarmed Combat
 21877 | Vaults:4 | Found a ruined gateway.
 21893 | Desolati | Entered the Desolation of Salt
 21932 | Desolati | Identified the Collected Works on Clay
 21944 | Desolati | Got a scorched copper ring
 21946 | Desolati | Identified the ring of Vibu {Int+3 Dex+3} (You found it in the Desolation of Salt)
 21950 | Desolati | Got a flickering ivory ring
 21951 | Desolati | Identified the ring "Jausk" {rCorr -Tele +Inv rC+} (You found it in the Desolation of Salt)
 21957 | Desolati | Identified the +1 leather armour of Disaster {SInv} (You found it in the Desolation of Salt)
 22002 | Desolati | Reached skill level 15 in Unarmed Combat
 22074 | Desolati | Reached XP level 20. HP: 161/161 MP: 34/34
 22109 | Desolati | Found the +14 mace of Variability {chaos}
 22183 | Desolati | Reached skill level 16 in Unarmed Combat
 22185 | Desolati | Got a shimmering brass ring
 22193 | Desolati | Identified the ring "Olijoog" {rElec rF- MR+++ Int+4 Slay-3} (You took it off an imperial myrmidon in the Desolation of Salt)
 22207 | Desolati | Identified the Reference Book on Enchanting Summoning
 22213 | Desolati | Identified the Guide on Dark Shape Shifting
 22536 | Vaults:5 | Entered Level 5 of the Vaults
 22536 | Vaults:5 | Found the cursed +14 obsidian axe {chop, +Fly SInv *Curse}
 22536 | Vaults:5 | Noticed Margery
 22543 | Vaults:5 | HP: 61/165 [vault warden/enchanted dire flail (7)]
 22548 | Vaults:5 | HP: 41/165 [Margery/bolt of fire (20)]
 22550 | Vaults:5 | Killed Margery
 22553 | Vaults:5 | Identified the Grimoire of Scorching Companions
 22586 | Vaults:5 | Got a heavily runed amber ring
 22588 | Vaults:5 | Identified the ring "Beasch" {*Tele rC+ Int+5} (You found it on level 5 of the Vaults)
 22706 | Vaults:5 | Reached skill level 17 in Unarmed Combat
 22754 | Vaults:5 | Reached XP level 21. HP: 174/174 MP: 25/35
 22756 | Vaults:5 | Noticed an ancient lich
 22769 | Vaults:5 | Killed an ancient lich
 22782 | Vaults:5 | Identified the +3 leather armour of Absolutism {Str+4 Slay+2} (You found it on level 5 of the Vaults)
 22806 | Vaults:5 | Noticed a golden dragon
 22812 | Vaults:5 | Killed a golden dragon
 22855 | Vaults:5 | Noticed an ancient lich
 22862 | Vaults:5 | Killed an ancient lich
 22989 | Vaults:5 | Identified Sif Muna's Incunabulum of the Entourage and the Frostbite
 23155 | Vaults:5 | Reached skill level 18 in Unarmed Combat
 23158 | Vaults:5 | Noticed Jorgrun
 23163 | Vaults:5 | Killed Jorgrun
 23297 | Vaults:5 | Got a silver rune of Zot
 23403 | Vaults:3 | Found Zaotweov's Assorted Antiques.
 23408 | Vaults:3 | Bought a scroll of blinking for 210 gold pieces
 23408 | Vaults:3 | Bought a scroll of identify for 56 gold pieces
 23438 | Vaults:3 | Reached XP level 22. HP: 187/187 MP: 36/36
 23537 | Vaults:3 | Found Olea's Weapon Emporium.
 23738 | Vaults:3 | Learned a level 5 spell: Irradiate
 23785 | Vaults:3 | Learned a level 2 spell: Blink
 23872 | Vaults:3 | Reached skill level 1 in Conjurations
 24022 | Vaults:3 | Found Loteh's Armour Shoppe.
 24273 | Vaults:2 | Found a staircase to the Crypt.
 24290 | Crypt:1  | Entered Level 1 of the Crypt
 24475 | Crypt:2  | Noticed Frederick
 24490 | Crypt:2  | Killed Frederick
 24535 | Crypt:2  | Noticed Mennas
 24541 | Crypt:2  | Killed Mennas
 24564 | Crypt:3  | Entered Level 3 of the Crypt
 24964 | Crypt:3  | Found an ancient bone altar of Kikubaaqudgha.
 25057 | Crypt:3  | Reached XP level 23. HP: 196/196 MP: 37/37
 25076 | Crypt:3  | Reached skill level 10 in Evocations
 25106 | Crypt:3  | Noticed an ancient lich
 25112 | Crypt:3  | Killed an ancient lich
 25124 | Crypt:3  | Identified the amulet of Uhuonais {Inacc *Corrode +Fly rF- Int+8} (You found it on level 3 of the Crypt)
 25127 | Crypt:3  | Identified the +0 helmet of the Duke {rElec Int+4 Stlth-} (You found it on level 3 of the Crypt)
 25207 | Crypt:3  | Reached skill level 19 in Unarmed Combat
 25219 | Crypt:3  | Identified the Tome of Necromancy
 25402 | Crypt:3  | Found a staircase to the Tomb.
 25413 | Crypt:3  | Got a warped helmet
 25424 | Crypt:3  | Identified the +5 helmet of Free Will {rF- rC++ Str+4} (You acquired it on level 3 of the Crypt)
 25463 | Tomb:1   | Entered Level 1 of the Tomb of the Ancients
 25532 | Tomb:1   | Reached skill level 15 in Fighting
 25605 | Tomb:1   | Learned a level 8 spell: Infestation
 25789 | Tomb:1   | Noticed a greater mummy
 25799 | Tomb:1   | Killed a greater mummy
 25847 | Tomb:1   | Noticed a greater mummy
 25847 | Tomb:1   | Noticed a greater mummy
 25847 | Tomb:1   | Noticed a greater mummy
 25852 | Tomb:1   | HP: 102/258 [??? (28)]
 25854 | Tomb:1   | Killed a greater mummy
 25857 | Tomb:1   | Killed a greater mummy
 25857 | Tomb:1   | HP: 94/258 [greater mummy/divine providence (15)]
 25864 | Tomb:1   | HP: 102/258 [death scarab[a greater mummy] (5)]
 25865 | Tomb:1   | Killed a greater mummy
 25869 | Tomb:1   | HP: 83/258 [death scarab (5)]
 25870 | Tomb:1   | Noticed a greater mummy
 25874 | Tomb:1   | HP: 53/258 [??? (14)]
 25876 | Tomb:1   | Killed a greater mummy
 25879 | Tomb:1   | HP: 39/199 [death scarab (15)]
 25882 | Tomb:1   | Noticed a greater mummy
 25883 | Tomb:1   | Noticed a greater mummy
 25885 | Tomb:1   | HP: 78/258 [??? (21)]
 25893 | Tomb:1   | HP: 60/258 [emperor scorpion[a greater mummy] (5)]
 25895 | Tomb:1   | Killed a greater mummy
 25895 | Tomb:1   | HP: 6/258 [guardian mummy's death curse (29)]
 25947 | Tomb:1   | Noticed a greater mummy
 25952 | Tomb:1   | HP: 92/258 [ettin simulacrum[a greater mummy] (17)]
 25958 | Tomb:1   | Noticed a greater mummy
 25958 | Tomb:1   | HP: 60/258 [??? (16)]
 25962 | Tomb:1   | Killed a greater mummy
 25964 | Tomb:1   | HP: 47/258 [vampire[a greater mummy] (3)]
 25965 | Tomb:1   | HP: 4/258 [reaper/scythe of flaming[a greater mummy's death curse] (31)]
 25965 | Tomb:1   | Mangled by a reaper

Vault maps used:
D:1:      matt_arrival_refuge, minivault_24, kennysheep_boxes
D:2:      solitary_fountain, uniq_sigmund, uniq_natasha
D:3:      trog_wizard, uniq_ijyb
D:4:      amethyst_overflow_temple_binary, serial_shops, nicolae_shop_crystal
D:5:      chequers_temple_overflow_statue_of_worship, lemuel_crystal_altar,
          first_ration, gup_sewer_entry_bowl
D:6:      serial_shops, shop, grunt_gozag_breadcrumbs, uniq_pikel, uniq_menkaure
D:7:      minmay_temple_entry_purple_smoke, grunt_ogre_cave
D:8:      serial_shops, shop, kennysheep_generic_room_5
D:9:      david_orc_3, serial_shops, shop_fountains, kennysheep_generic_room_8,
          uniq_maurice
D:10:     erik_lair_orcish_takeover, minmay_misc_feat_five, uniq_snorg
D:13:     grunt_vaults_entry_fortified, enter_trove_1, minmay_misc_feat_tower,
          kennysheep_generic_room_6
D:14:     portal_ice_cave_entry_pillars_2, serial_park_tiny_2, serial_shops,
          nicolae_shop_temple_entry_statues_fountains
D:15:     grunt_enter_depths_snipers, hangedman_decor_diamond_cutter,
          lemuel_centaur_altar, uniq_louise
Temple:   regret_index_temple_waves
Lair:1:   fungi_pond_lemuel, guppyfry_lair_drakes, lemuel_fruit_fields,
          grunt_megastairs_2
Lair:2:   serial_bayou_lagoon_b, serial_bayou_shore_b, grunt_megastairs_5
Lair:3:   spider_nest_entry_funnel_web, beast_lair_carwin_9,
          lemuel_fruit_fields, grunt_megastairs_3
Lair:4:   elwin_shoals_entry_rooms, serial_bayou_shore_b, lemuel_fruit_fields,
          lemuel_fruit_tree
Lair:6:   grunt_lair_end_beastmaster, minmay_slime_entry_pillars
Shoals:1: serial_shops, nicolae_shop_stone, uniq_kirke
Shoals:2: nicolae_shoals_drake_roost
Shoals:3: nicolae_shoals_water_elemental_grotto
Shoals:4: shoals_end_grunt_garden, shoals_ilsuiw_ice
Spider:2: nicolae_spider_mines_3
Spider:3: spiders_nest_the_unseen, uniq_mara
Spider:4: grunt_spider_rune_parallel, spider_trap, uniq_donald
Orc:1:    basic_altar, serial_shops, shop, uniq_harold
Orc:2:    grunt_orc_cross, sword_in_stone
Elf:1:    minmay_elf_arrival_circle, serial_shops, shop_coins,
          minmay_elf_necromancy, serial_sigils_hangedman_scar
Elf:2:    serial_shops, shop, lemuel_elevator, uniq_aizul
Elf:3:    minmay_elf_hall_quartered_circle, minivault_26, nemelex_altar_shiori
Vaults:1: ontoclasm_vaults_twist, nicolae_vaults_sealed_display, st_hourglassy,
          v_rooms_5, v_misc_11, serial_ice_g, v_misc_18, ontoclasm_vaults_idyll,
          grunt_vaults_funnel, v_pattern_5
Vaults:2: v_misc_8, ontoclasm_vaults_shuriken, vaults_room_fancy_cross,
          v_alt_pattern_3, minmay_crypt_entry_simple_box, v_rooms_1
Vaults:3: v_misc_25, hangedman_vaults_nails, nicolae_vaults_little_squares_5,
          v_misc_11, hangedman_vaults_stretched_pinwheel,
          vaults_mumra_minichess_inversion,
          vaults_standard_mumra_enter_the_diamond, vaults_room_stairs_pillars,
          hangedman_vaults_nails, nicolae_vaults_little_squares_4,
          nicolae_vaults_yaktaur_gun_rack, vaults_room_hangedman_quadrants,
          vaults_room_ringed_pool, serial_shops, shop,
          nicolae_shop_overgrown_old_shop, shop, nicolae_shop_window_shopping,
          shop_statue
Vaults:4: vaults_dpeg_encased_lava, nicolae_vaults_little_squares_6,
          nicolae_vaults_gold_heap, ontoclasm_vaults_claustrophobia,
          grunt_vaults_hallway_short, grunt_vaults_twisty, vaults_dpeg_cross,
          ontoclasm_vaults_loading_screen, dpeg_vaults_monster_row,
          nicolae_vaults_stairing_the_circle, v_misc_17,
          portal_desolation_entry_twin_temple
Vaults:5: serial_shops, uniq_margery, uniq_jorgrun
Crypt:1:  roderic_lattice_octagonal_star
Crypt:2:  minmay_guarded_unrand_majin_bo, wad_floor_pattern_untrapped,
          uniq_sojobo, uniq_xtahua, uniq_frederick, uniq_khufu, uniq_mennas
Crypt:3:  evilmike_haunted_forest
Sewer:    kennysheep_pipe_town
IceCv:    ice_cave_small_giant

Skill      XL: |  1  2  3  4  5  6  7  8  9 10 11 12 13 14 15 16 17 18 19 20 21 22 23 |
---------------+----------------------------------------------------------------------+-----
Earth Magic    | 3 4 5 7 8 9 10 12 13 | 13.0
Transmutations | 1 3 4 7 8 9 11 13 | 13.0
Spellcasting   | 2 3 4 5 6 7 8 9 10 11 | 11.0
Maces & Flails | 1 2 |  2.0
Fighting       | 3 5 7 9 10 12 13 14 15 | 15.0
Shields        | 2 5 6 |  6.7
Armour         | 1 3 |  3.5
Evocations     | 4 5 7 9 10 | 10.0
Dodging        | 3 4 5 7 9 10 11 12 13 | 13.1
Unarmed Combat | 9 11 12 13 15 17 18 19 | 19.0
Invocations    | 5 8 10 | 10.0
Charms         | 1 |  1.0
Necromancy     | 7 9 12 13 | 13.4
Translocations | 1 2 |  2.0
Conjurations   | 3 |  3.0
Stealth        | |  1.1

Action                   |  1- 3 |  4- 6 |  7- 9 | 10-12 | 13-15 | 16-18 | 19-21 | 22-24 || total
-------------------------+-------+-------+-------+-------+-------+-------+-------+-------++-------
Melee: Unarmed           |    16 |       |       |    43 |   584 |   605 |   401 |   472 ||  2121
       Kick              |     7 |    14 |    34 |   136 |   257 |   295 |   207 |   258 ||  1208
       Whip              |    33 |   104 |   186 |   275 |       |       |       |       ||   598
       Punch             |       |       |       |     2 |    42 |     6 |       |       ||    50
       Mace              |       |       |       |       |     1 |       |       |       ||     1
 Cast: Sandblast         |    20 |    67 |   117 |   109 |    25 |     3 |       |       ||   341
       Stone Arrow       |       |    10 |    51 |     2 |       |       |       |       ||    63
       Sticks to Snakes  |       |       |    10 |     8 |    20 |       |       |       ||    38
       Passwall          |       |       |     2 |       |    14 |    18 |       |       ||    34
       Lee's Rapid Decon |       |       |    19 |   112 |   133 |    68 |    20 |    83 ||   435
       Petrify           |       |       |       |     2 |       |       |       |       ||     2
       Blade Hands       |       |       |       |     5 |    81 |    21 |       |       ||   107
       Regeneration      |       |       |       |       |       |    41 |    34 |    32 ||   107
       Borgnjor's Vile C |       |       |       |       |       |   132 |   140 |    76 ||   348
       Statue Form       |       |       |       |       |       |    40 |    43 |    43 ||   126
       Apportation       |       |       |       |       |       |       |    35 |    54 ||    89
       Death Channel     |       |       |       |       |       |       |    16 |     2 ||    18
Invok: Slouch            |       |       |       |       |     5 |       |     5 |     2 ||    12
       Step From Time    |       |       |       |       |     2 |       |       |     2 ||     4
       Temporal Distorti |       |       |       |       |       |     3 |       |       ||     3
 Abil: End Transformatio |       |       |       |       |     6 |     8 |     1 |       ||    15
       Evoke Invisibilit |       |       |       |       |       |    13 |     4 |       ||    17
       Evoke Flight      |       |       |       |       |       |     5 |       |       ||     5
Evoke: Wand              |       |       |    13 |    13 |     6 |    27 |       |       ||    59
       Phial of floods   |       |       |       |       |     2 |     4 |     1 |       ||     7
       Staff of energy   |       |       |       |       |       |       |    24 |    84 ||   108
       Box of beasts     |       |       |       |       |       |       |       |     3 ||     3
       Lamp of fire      |       |       |       |       |       |       |       |     2 ||     2
  Use: Potion            |       |     2 |     3 |     6 |     6 |     5 |     7 |     6 ||    35
       Scroll            |       |     2 |    11 |    14 |     9 |    17 |     8 |     7 ||    68
 Stab: Paralysed         |       |       |    36 |    10 |     1 |       |       |       ||    47
       Petrified         |       |       |       |    12 |       |       |       |       ||    12
       Petrifying        |       |       |       |     1 |       |       |       |       ||     1
       Invisible         |       |       |       |       |     4 |    13 |     5 |       ||    22
       Distracted        |       |       |       |       |     1 |     3 |     4 |     3 ||    11
       Confused          |       |       |       |       |       |     3 |       |       ||     3
       Sleeping          |       |       |       |       |       |     1 |       |       ||     1
  Eat: Ration            |     1 |       |     3 |     5 |     5 |     4 |     2 |     6 ||    26
       Chunk             |       |     6 |     9 |    26 |    36 |    50 |    20 |     4 ||   151
Armor: Robe              |    21 |    34 |    82 |    16 |       |       |       |       ||   153
       Ring mail         |       |       |       |   215 |   222 |    71 |     7 |    10 ||   525
       Skin              |       |       |       |       |    20 |   397 |   216 |   234 ||   867
Dodge: Dodged            |    23 |    61 |    93 |   226 |   432 |   651 |   435 |   555 ||  2476
Block: Buckler           |       |       |       |    78 |    18 |       |       |       ||    96
       Shield            |       |       |       |       |    24 |   656 |   464 |   450 ||  1594
       Reflection        |       |       |       |       |       |    68 |       |       ||    68
       Large shield      |       |       |       |       |       |       |     1 |       ||     1

Table legend:
 A = Spawn XP
 B = Non-spawn XP
 C = Spawn XP percentage of total XP
 D = Spawn monster count
 E = Non-spawn monster count
 F = Spawn count percentage of total count
 G = Total turns spent on level
                    A         B        C        D         E        F      G
               +---------+---------+-------+---------+---------+-------+---------
         Total |       0 |  942550 |   0.0 |       0 |    1836 |   0.0 | 25965
               +---------+---------+-------+---------+---------+-------+---------
           D:1 |       0 |      45 |   0.0 |       0 |      23 |   0.0 |   399
           D:2 |       0 |     133 |   0.0 |       0 |      12 |   0.0 |   442
           D:3 |       0 |     406 |   0.0 |       0 |      34 |   0.0 |   859
           D:4 |       0 |     297 |   0.0 |       0 |      11 |   0.0 |   645
           D:5 |       0 |     754 |   0.0 |       0 |      25 |   0.0 |   750
           D:6 |       0 |    1497 |   0.0 |       0 |      22 |   0.0 |   874
           D:7 |       0 |    1834 |   0.0 |       0 |      34 |   0.0 |   885
           D:8 |       0 |    1960 |   0.0 |       0 |      52 |   0.0 |   675
           D:9 |       0 |    3189 |   0.0 |       0 |      30 |   0.0 |   500
          D:10 |       0 |    4063 |   0.0 |       0 |      43 |   0.0 |   667
          D:11 |       0 |    4066 |   0.0 |       0 |      30 |   0.0 |   605
          D:12 |       0 |    6984 |   0.0 |       0 |      27 |   0.0 |   592
          D:13 |       0 |   15223 |   0.0 |       0 |      50 |   0.0 |   574
          D:14 |       0 |    8029 |   0.0 |       0 |      35 |   0.0 |   397
          D:15 |       0 |   13170 |   0.0 |       0 |      27 |   0.0 |   614
        Lair:1 |       0 |    2915 |   0.0 |       0 |      14 |   0.0 |   601
        Lair:2 |       0 |    5570 |   0.0 |       0 |      20 |   0.0 |   621
        Lair:3 |       0 |    5808 |   0.0 |       0 |      22 |   0.0 |   675
        Lair:4 |       0 |    4464 |   0.0 |       0 |      16 |   0.0 |   548
        Lair:5 |       0 |    7070 |   0.0 |       0 |      31 |   0.0 |   673
        Lair:6 |       0 |   27564 |   0.0 |       0 |      57 |   0.0 |  1172
      Shoals:1 |       0 |    3554 |   0.0 |       0 |       4 |   0.0 |    67
      Shoals:2 |       0 |   10801 |   0.0 |       0 |      26 |   0.0 |   419
      Shoals:3 |       0 |    7038 |   0.0 |       0 |      16 |   0.0 |   137
      Shoals:4 |       0 |   32943 |   0.0 |       0 |      53 |   0.0 |   351
      Spider:1 |       0 |    2070 |   0.0 |       0 |       9 |   0.0 |   276
      Spider:2 |       0 |    5642 |   0.0 |       0 |      17 |   0.0 |   115
      Spider:3 |       0 |   20346 |   0.0 |       0 |      48 |   0.0 |   278
      Spider:4 |       0 |   34598 |   0.0 |       0 |      72 |   0.0 |   598
         Orc:1 |       0 |    3412 |   0.0 |       0 |      28 |   0.0 |   437
         Orc:2 |       0 |   17980 |   0.0 |       0 |      68 |   0.0 |  1032
         Elf:1 |       0 |   25845 |   0.0 |       0 |      44 |   0.0 |   721
         Elf:2 |       0 |   14113 |   0.0 |       0 |      22 |   0.0 |   509
         Elf:3 |       0 |   65903 |   0.0 |       0 |      63 |   0.0 |  1430
      Vaults:1 |       0 |   39709 |   0.0 |       0 |      69 |   0.0 |   535
      Vaults:2 |       0 |   27144 |   0.0 |       0 |      47 |   0.0 |   390
      Vaults:3 |       0 |   60293 |   0.0 |       0 |      86 |   0.0 |   763
      Vaults:4 |       0 |   54205 |   0.0 |       0 |      68 |   0.0 |   388
      Vaults:5 |       0 |  168251 |   0.0 |       0 |     166 |   0.0 |   857
       Crypt:1 |       0 |   19428 |   0.0 |       0 |      22 |   0.0 |   167
       Crypt:2 |       0 |   25880 |   0.0 |       0 |      22 |   0.0 |   107
       Crypt:3 |       0 |   70492 |   0.0 |       0 |      99 |   0.0 |   899
        Tomb:1 |       0 |   64847 |   0.0 |       0 |      34 |   0.0 |   502
         Sewer |       0 |     233 |   0.0 |       0 |      24 |   0.0 |   309
         IceCv |       0 |   10419 |   0.0 |       0 |      36 |   0.0 |   464
    Desolation |       0 |   42363 |   0.0 |       0 |      78 |   0.0 |   359
               +---------+---------+-------+---------+---------+-------+---------
